 Dungeon Crawl Stone Soup version 0.29.1-15-g9cfb28693d (webtiles) character file.

Game seed: 845577581048687893

56 growler the Insei (level 3, -3/26 HPs)
             Began as a Merfolk Transmuter on Mar 22, 2023.
             Killed from afar by Natasha (8 damage)
             ... with a magic dart
             ... on level 2 of the Dungeon.
             The game lasted 00:02:40 (1496 turns).

growler the Insei (Merfolk Transmuter)              Turns: 1496, Time: 00:02:41

Health: -3/26      AC:  2    Str: 10    XL:     3   Next: 95%
Magic:  7/7        EV: 12    Int: 14    God:
Gold:   26         SH:  0    Dex: 14    Spells: 1/7 levels left

rFire   . . .      SeeInvis .     - Unarmed
rCold   . . .      Faith    .   (no shield)
rNeg    . . .      Spirit   .   a - +0 robe
rPois   .          Reflect  .   (helmet currently unavailable)
rElec   .          Harm     .   (no cloak)
rCorr   .          Rampage  .   (no gloves)
Will    .....                   (boots currently unavailable)
Stlth   +.........              (no amulet)
HPRegen 0.08/turn               (no ring)
MPRegen 0.10/turn               (no ring)

@: appendages
A: horns 2, (nimble swimmer 2), mertail
a: End Transformation


You were on level 2 of the Dungeon.
You had temporarily grown beastly horns.
You visited 1 branch of the dungeon, and saw 2 of its levels.

You collected 26 gold pieces.

Inventory:

Armour
 a - a +0 robe (worn)
Jewellery
 f - an amulet of magic regeneration
Scrolls
 c - 2 scrolls of teleportation {unknown}
 e - a scroll of amnesia {unknown}
 g - 2 scrolls of vulnerability {unknown}
Potions
 b - a potion of lignification
 d - 2 potions of curing
 h - a potion of resistance {unknown}
 i - a potion of brilliance {unknown}
 j - a potion of magic {unknown}
 k - 2 potions of haste {unknown}


   Skills:
 - Level 1.1 Fighting
 - Level 2.6 Dodging
 + Level 4.0 Unarmed Combat
 + Level 2.7 Spellcasting
 + Level 3.8 Transmutations


You had one spell level left.
You knew the following spells:

 Your Spells              Type           Power      Damage    Failure   Level
a - Beastly Appendage     Tmut           24%        N/A       4%          1
b - Wereblood             Tmut           12%        N/A       7%          2
c - Spider Form           Tmut/Pois      7%         N/A       30%         3

Your spell library contained the following spells:

 Spells                   Type           Power      Damage    Failure   Level
 Sandblast                Erth           2%         2d4       22%         1
 Passwall                 Tmut/Erth      5%         N/A       16%         2
 Stone Arrow              Conj/Erth      2%         3d7       54%         3
 Ice Form                 Ice/Tmut       7%         N/A       69%         4


Dungeon Overview and Level Annotations

Branches:
Dungeon (2/15)

Altars:

Annotations:
D:2 Natasha


Innate Abilities, Weirdness & Mutations

You have temporarily grown beastly horns.
((You are very nimble when in or above water. (Stealth+, EV+, Speed+++)))
Your lower body shifts to a powerful aquatic tail in water.


Message History

You add the spells Sandblast, Passwall and Stone Arrow to your library.
A kobold comes into view. It is wielding a +0 short sword.
The kobold shouts!
You hear a shout!
A kobold is nearby!
Casting: Beastly Appendage (safe; 4% risk of failure)
Confirm with . or Enter, or press ? or * to list all spells.
You grow a pair of large bovine horns.
Natasha, Servant of Life and Death comes into view.
You hit the kobold.
The kobold is severely wounded.
The kobold hits you with a +0 short sword.
Natasha mumbles some strange words.
You hit the kobold but do no damage. You headbutt the kobold.
You kill the kobold!
Natasha claws you but does no damage.
You see here a +0 short sword.
Natasha mumbles some strange words.
You hit Natasha. Your headbutt misses Natasha.
Natasha is lightly wounded.
Natasha claws you.
You hit Natasha but do no damage. Your headbutt misses Natasha.
Natasha is lightly wounded.
Natasha claws you.
You hit Natasha.
Natasha is moderately wounded.
You hit Natasha but do no damage.
Natasha is moderately wounded.
Natasha claws you.
You hit Natasha but do no damage.
Natasha is lightly wounded.
Natasha claws you!
* * * LOW HITPOINT WARNING * * *
You hit Natasha. You headbutt Natasha!
Natasha is almost dead.
Natasha completely misses you.
You hit Natasha.
Natasha is almost dead.
Natasha casts a spell at you. The magic dart hits you!
You die...

...+
#.........#
...#
#.......###
...#
#.......#
...+
#.......#
...#
#.......#
....
#.......#
....
#.......# .
######.##
#@# # #h#
.#
......55#
.#
........'
##
........#.
..........#
##.
...##..#. #
... ... ##.
. ### .. ##
..


You could see an iron imp (summoned), Natasha and a shadow imp (summoned).

Vanquished Creatures
  Natasha (D:2)
  4 endoplasms
  A giant cockroach (D:1)
  3 goblins
  3 hobgoblins
  A quokka (D:1)
  2 ball pythons (D:1)
  2 bats
  3 frilled lizards (D:1)
  8 kobolds
  4 rats (D:1)
32 creatures vanquished.

Notes
Turn   | Place    | Note
-------+----------+-------------------------------------------
     0 | D:1      | growler the Merfolk Transmuter began the quest for the Orb.
     0 | D:1      | Reached XP level 1. HP: 15/15 MP: 3/3
   330 | D:1      | Reached XP level 2. HP: 21/21 MP: 3/5
   333 | D:1      | Learned a level 2 spell: Wereblood
  1102 | D:1      | Reached XP level 3. HP: 22/26 MP: 6/6
  1106 | D:1      | Learned a level 3 spell: Spider Form
  1399 | D:2      | Noticed Natasha
  1405 | D:2      | Killed Natasha
  1425 | D:2      | Reached skill level 4 in Unarmed Combat
  1485 | D:2      | Noticed Natasha
  1496 | D:2      | Killed from afar by Natasha

Illustrated notes

Levels and vault maps discovered:
D:1:      dpeg_arrival_connections, layout_basic
D:2:      layout_basic, hangedman_decor_clover_reticule,
          chequers_serial_rivers_large_b, uniq_sigmund, uniq_natasha

Skill      XL: |  1  2  3 |
---------------+----------+-----
Transmutations | 3 |  3.8
Unarmed Combat | 4 |  4.0
Fighting       | |  1.1
Dodging        | |  2.6
Spellcasting   | |  2.7

Action                   || total
-------------------------++-------
Melee: Unarmed           ||    88
       Headbutt          ||    20
 Cast: Beastly Appendage ||    23
  Use: Potion            ||     1
 Stab: Sleeping          ||     1
Armor: Robe              ||    12
Dodge: Dodged            ||    42
